 Dungeon Crawl Stone Soup version 0.30-a0-122-g2a1322497e (webtiles) character file.

Game seed: 15167254685948820973

1869 ragingrage the Spear-Bearer (level 8, -3/58 HPs)
             Began as a Demonspawn Fighter on Sept 15, 2022.
             Slain by a steam dragon (4 damage)
             ... on level 5 of the Dungeon.
             The game lasted 00:04:49 (5701 turns).

ragingrage the Spear-Bearer (Demonspawn Fighter)    Turns: 5701, Time: 00:04:49

Health: -3/58      AC:  9    Str: 19    XL:     8   Next: 90%
Magic:  8/8        EV:  9    Int:  9    God:
Gold:   240        SH:  4    Dex: 13    Spells: 7/7 levels left

rFire   x . .      SeeInvis .    b - +10 sling "Tormentor" {flame, Fly rPois rF- rC+}
rCold   + . .      Faith    .    c - +0 buckler
rNeg    . . .      Spirit   .    s - +0 scale mail
rPois   +          Reflect  .    h - +0 helmet
rElec   .          Harm     .    (no cloak)
rCorr   .          Rampage  .    (no gloves)
Will    .....                    (no boots)
Stlth   ..........               (no amulet)
HPRegen 0.19/turn                (no ring)
MPRegen 0.11/turn                (no ring)

@: flying
A: hooves 1, yellow scales 1, powered by death 2
a: no special abilities


You were on level 5 of the Dungeon.
You visited 1 branch of the dungeon, and saw 5 of its levels.

You collected 240 gold pieces.

Inventory:

Hand Weapons
 a - a +0 trident
 b - the +10 sling "Tormentor" (weapon) {flame, Fly rPois rF- rC+}
   (You found it on level 5 of the Dungeon)

   Any ammunition fired from it burns those it strikes, dealing additional fire
   damage.
   rF:        It makes you vulnerable to fire.
   rC:        It protects you from cold.
   rPois:     It protects you from poison.
   Fly:       It grants you flight.
 d - a +1 vorpal shortbow
Armour
 c - a +0 buckler (worn)
 h - a +0 helmet (worn)
 s - a +0 scale mail (worn)
Scrolls
 e - 4 scrolls of identify
 f - 2 scrolls of vulnerability
 i - 2 scrolls of enchant weapon {unknown}
 l - a scroll of enchant armour {unknown}
 n - a scroll of summoning {unknown}
 p - a scroll of teleportation {unknown}
 q - a scroll of fear {unknown}
Potions
 g - 3 potions of haste
 j - a potion of ambrosia
 k - 2 potions of curing
 m - 2 potions of cancellation
 o - 2 potions of might
 r - a potion of flight {unknown}
 t - a potion of degeneration {unknown}


   Skills:
 - Level 3.0 Fighting
 + Level 10.8 Polearms
 - Level 2.6 Armour
 - Level 2.6 Shields


You had 7 spell levels left.
You didn't know any spells.
Your spell library contained the following spells:

 Spells                   Type           Power      Damage    Failure   Level
 Magic Dart               Conj           0%         1d3       86%         1
 Summon Small Mammal      Summ           0%         N/A       86%         1
 Call Imp                 Summ           0%         N/A       94%         2
 Call Canine Familiar     Summ           0%         N/A       99%         3
 Mephitic Cloud           Conj/Pois/Air  0%         N/A       99%         3
 Summon Guardian Golem    Hex/Summ       0%         N/A       99%         3
 Animate Dead             Necr           0%         N/A       100%        4
 Haunt                    Necr/Summ      0%         N/A       100%        7
 Infestation              Necr           0%         N/A       100%        8


Dungeon Overview and Level Annotations

Branches:
Dungeon (5/15)
 Temple: D:4-7

Altars:
Hepliaklqana
Kikubaaqudgha
Makhleb
Sif Muna
Vehumet
Wu Jian
Xom

Annotations:
D:4 Eustachio


Innate Abilities, Weirdness & Mutations

You have large cloven feet.
You are partially covered in yellow scales. (AC +2)
You regenerate health from kills.


Message History

The ogre is severely wounded.
The ogre barely misses you.
Fire: b) +10 sling "Tormentor" {flame, Fly rPois rF- rC+}
Press: ? - help, Q - select action Shift-Dir - straight line, f/p - ogre
Aim: an ogre, wielding a +0 giant spiked club (severely wounded, 79% to hit)
You shoot a sling bullet. The sling bullet hits the ogre.
The sling bullet burns the ogre.
You kill the ogre!
Fire: b) +10 sling "Tormentor" {flame, Fly rPois rF- rC+}
Press: ? - help, Q - select action Shift-Dir - straight line, f - steam dragon
Aim: a steam dragon (lightly wounded, 67% to hit)
You shoot a sling bullet.
The sling bullet completely misses the steam dragon.
The sling bullet hits the gnoll!
The sling bullet burns the gnoll.
The gnoll is almost dead.
The steam dragon breathes steam at you. The ball of steam misses you.
The steam dragon bites you.
The steam dragon claws you but does no damage.
Fire: b) +10 sling "Tormentor" {flame, Fly rPois rF- rC+}
Press: ? - help, Q - select action Shift-Dir - straight line, f/p - steam dragon
Aim: a steam dragon (lightly wounded, catching its breath, 67% to hit)
You shoot a sling bullet. The sling bullet hits the steam dragon!
The sling bullet burns the steam dragon.
The steam dragon is moderately wounded.
You are engulfed in a cloud of scalding steam.
The steam dragon bites you but does no damage.
The steam dragon claws you but does no damage.
Fire: b) +10 sling "Tormentor" {flame, Fly rPois rF- rC+}
Press: ? - help, Q - select action Shift-Dir - straight line, f/p - steam dragon
Aim: a steam dragon (moderately wounded, catching its breath, 67% to hit)
You shoot a sling bullet. The sling bullet hits the steam dragon!
The sling bullet burns the steam dragon.
The steam dragon is severely wounded.
You are engulfed in a cloud of scalding steam.
* * * LOW HITPOINT WARNING * * *
The steam dragon bites you!
* * * LOW HITPOINT WARNING * * *
The steam dragon claws you but does no damage.
The steam dragon bites you.
You die...

....# #..#..........##..#..#
....# #####......############
....#######..##......#...# #....
....##..##....#......#...# #....
....#....'....####...#.######....
....#....##..##§§#####.###..#....
..####..###'#'.§..##........#....
.##..#+##...##§...##........#....
.'†...##.....##.@###........#...#
##....#.......##D##'........'..##
###..##(..8...##gs########'##.##.
#<##'##.......#...$#.........##8.
#.##..##.....##...$#........##...
#.#....##...##+#..##........#8...
#.#....'#)### ####.........)....
#.##..##†.## #...........#8...
#'#####....+ #...##+#######...


You could see a steam dragon (catching breath), a scorpion and a gnoll.

Vanquished Creatures
  Pikel (D:5)
  Grinder (D:4)
  Sigmund (D:3)
  A water moccasin (D:5)
  A black bear (D:5)
  An ogre (D:5)
  A centaur (D:5)
  4 lemures
  A phantom (D:5)
  Blork the orc (D:5)
  A necrophage (D:5)
  A scorpion (D:5)
  An orc priest (D:5)
  A hound (D:5)
  Jessica (D:3)
  2 iguanas
  4 orc wizards (D:5)
  2 gnolls (D:3)
  8 adders
  An ufetubus (D:5)
  3 worms
  A dart slug (D:4)
  7 orcs
  3 ball pythons (D:2)
  5 bats
  10 endoplasms
  2 giant cockroaches (D:1)
  11 goblins
  4 hobgoblins
  4 quokkas
  4 frilled lizards
  9 kobolds
  2 rats
100 creatures vanquished.

Vanquished Creatures (others)
  A plant (D:3)
1 creature vanquished.

Grand Total: 101 creatures vanquished

Notes
Turn   | Place    | Note
-------+----------+-------------------------------------------
     0 | D:1      | ragingrage the Demonspawn Fighter began the quest for the
                  | Orb.
     0 | D:1      | Reached XP level 1. HP: 18/18 MP: 1/1
    53 | D:1      | Reached skill level 2 in Polearms
    93 | D:1      | Gained mutation: You regenerate a little health from kills.
                  | [demonic ancestry]
    93 | D:1      | Reached XP level 2. HP: 17/24 MP: 2/2
   224 | D:1      | You fall into a shaft and drop 1 floor!
   309 | D:2      | Reached skill level 3 in Polearms
   345 | D:1      | Gained mutation: You have large cloven feet. [demonic
                  | ancestry]
   345 | D:1      | Reached XP level 3. HP: 25/29 MP: 3/3
   622 | D:1      | Found a faded altar of an unknown god.
  1367 | D:3      | Noticed Sigmund
  1382 | D:3      | Noticed Jessica
  1537 | D:3      | Found an ornate altar of the Wu Jian Council.
  1554 | D:3      | Reached XP level 4. HP: 30/35 MP: 4/4
  1617 | D:3      | Reached skill level 4 in Polearms
  1787 | D:3      | Killed Sigmund
  1788 | D:3      | Reached skill level 5 in Polearms
  1788 | D:3      | Gained mutation: You are partially covered in yellow
                  | scales. (AC +2) [demonic ancestry]
  1788 | D:3      | Reached XP level 5. HP: 21/41 MP: 5/5
  2093 | D:3      | Killed Jessica
  2094 | D:3      | Gained mutation: You regenerate health from kills. [demonic
                  | ancestry]
  2094 | D:3      | Reached XP level 6. HP: 29/47 MP: 6/6
  2379 | D:3      | Found a hazy altar of Hepliaklqana.
  2379 | D:3      | Found a burning altar of Makhleb.
  2671 | D:4      | Reached skill level 6 in Polearms
  2711 | D:4      | Noticed Grinder
  2745 | D:4      | Killed Grinder
  2746 | D:4      | Reached skill level 7 in Polearms
  2959 | D:4      | Reached XP level 7. HP: 52/52 MP: 7/7
  3072 | D:4      | Found a shimmering altar of Xom.
  3075 | D:4      | Noticed Eustachio
  3167 | D:5      | Entered Level 5 of the Dungeon
  3247 | D:5      | Found an ancient bone altar of Kikubaaqudgha.
  3247 | D:5      | Noticed Blork the orc
  3263 | D:5      | Killed Blork the orc
  3404 | D:5      | Found a shimmering blue altar of Sif Muna.
  3422 | D:5      | Found a radiant altar of Vehumet.
  3470 | D:5      | Noticed Pikel
  4282 | D:5      | HP: 2/52 [lemure[Pikel] (3)]
  4464 | D:5      | Reached skill level 8 in Polearms
  4736 | D:5      | Killed Pikel
  4737 | D:5      | Reached skill level 9 in Polearms
  4737 | D:5      | Reached XP level 8. HP: 25/58 MP: 8/8
  5040 | D:5      | Reached skill level 10 in Polearms
  5654 | D:5      | Identified the +10 sling "Tormentor" {flame, Fly rPois rF-
                  | rC+}
  5701 | D:5      | HP: 1/58 [steam dragon (8)]
  5701 | D:5      | Slain by a steam dragon

Illustrated notes

Levels and vault maps discovered:
D:1:      psy_arrival_dodecagon, layout_rooms,
          shapermc_ecumenical_altar_mp_vishouse
D:2:      layout_rooms, basic_altar, minmay_stone_trees_medium,
          kennysheep_generic_room_5
D:3:      layout_rooms, gammafunk_temple_overflow_wave, marbit_many_paths,
          corexii_shack, roderic_lattice_a, uniq_jessica, uniq_sigmund
D:4:      layout_gridville, xom_teletrap_fun, st_stairs_10,
          kennysheep_windowed_goal, uniq_grinder, uniq_eustachio
D:5:      minmay_bubble_buster, layout_gridville, palyth_temple_overflow_mages,
          dk_noncrumbling_4, grunt_ministairs_8, uniq_crazy_yiuf_cottage,
          uniq_pikel, uniq_blork_the_orc

Skill      XL: |  1  2  3  4  5  6  7  8 |
---------------+-------------------------+-----
Polearms       | 2 3 5 7 9 10 | 10.8
Fighting       | |  3.0
Armour         | |  2.6
Shields        | |  2.6

Action                   |  1- 3 |  4- 6 |  7- 9 || total
-------------------------+-------+-------+-------++-------
Melee: Trident           |   128 |    83 |   283 ||   494
       Kick              |    16 |    15 |    60 ||    91
 Fire: Sling             |       |       |     7 ||     7
Evoke: Wand              |       |     3 |       ||     3
  Use: Potion            |       |     5 |     4 ||     9
       Scroll            |       |       |     1 ||     1
Armor: Scale mail        |    46 |    29 |    97 ||   172
       Skin              |       |       |    19 ||    19
Dodge: Dodged            |    45 |    20 |    94 ||   159
Block: Buckler           |    14 |     7 |    36 ||    57

Table legend: (Time is in decaauts)
 A = Elapsed time spent in this place.
 B = Non-inter-level travel time spent in this place.
 C = Inter-level travel time spent in this place.
 D = Time resting spent in this place.
 E = Time spent auto-exploring this place.
 F = Levels seen in this place.
 G = Mean time per level.
                   A        B        C        D        E       F      G
               +--------+--------+--------+--------+--------+-----+--------+
         Total |   5694 |   5444 |    250 |    943 |   3510 |   5 | 1138.8 |
       Dungeon |   5694 |   5444 |    250 |    943 |   3510 |   5 | 1138.8 |
               +--------+--------+--------+--------+--------+-----+--------+

Top non-repeatable levels by time:
     D:5: 2110 daAuts
     D:3: 1247 daAuts
     D:4: 907 daAuts
     D:2: 731 daAuts
     D:1: 697 daAuts
